 Dungeon Crawl Stone Soup version 0.31-a0-16-g6d2539766c (webtiles) character file.

Game seed: 17140192746464009973

10602 chunkyMonkey the Blocker (level 11, 0/87 HPs)
             Began as a Formicid Fighter on May 8, 2023.
             Was a Priest of Okawaru.
             Slain by a vampire mosquito (8 damage)
             ... on level 12 of the Dungeon.
             The game lasted 00:31:23 (16907 turns).

chunkyMonkey the Blocker (Formicid Fighter)        Turns: 16907, Time: 00:31:24

Health: 0/87       AC: 13    Str: 23    XL:     11   Next: 96%
Magic:  14/14      EV: 10    Int: 10    God:    Okawaru [***...]
Gold:   720        SH:  8    Dex: 19    Spells: 12/12 levels left

rFire   . . .        L - +5 halberd (venom)
rCold   + . .        c - +0 buckler
rNeg    . . .        o - +0 swamp dragon scales
rPois   +            (helmet unavailable)
rElec   .            O - +0 cloak
rCorr   .            f - +0 pair of gloves
SInv    +            (no boots)
Will    +....        (no amulet)
Stlth   +            j - ring of protection from cold
HPRegen 0.34/turn    F - +6 ring of dexterity
MPRegen 0.14/turn

%: no passive effects
@: no status effects
A: permanent stasis, dig shafts and tunnels, antennae 3, four strong arms
a: Dig, Shaft Self, Renounce Religion, Heroism


You were on level 12 of the Dungeon.
You worshipped Okawaru.
Okawaru was most pleased with you.
You visited 2 branches of the dungeon, and saw 13 of its levels.
You also visited: Sewer and Ossuary.

You collected 1076 gold pieces.
You spent 356 gold pieces at shops.

Inventory:

Hand Weapons
 a - a +0 war axe
 d - a +1 vampiric whip
 l - a +4 heavy hand axe
 L - a +5 halberd of venom (weapon)
 Q - a +2 hand axe of electrocution
Missiles
 u - 40 poisoned darts
Armour
 c - a +0 buckler (worn)
 f - a +0 pair of gloves (worn)
 o - +0 swamp dragon scales (worn)
 O - a +0 cloak (worn)
Jewellery
 j - a ring of protection from cold (left hand)
 m - a ring of wizardry
 t - a ring of protection from cold
 F - a +6 ring of dexterity (right hand)
 N - a ring of poison resistance
Wands
 p - a wand of flame (23)
 q - a wand of polymorph (9)
 v - a wand of acid (1)
 P - a wand of mindburst (6)
Scrolls
 g - 3 scrolls of magic mapping
 h - 5 scrolls of fog
 k - 5 scrolls of fear
 x - 2 scrolls of blinking {unknown}
 z - 4 scrolls of silence
 K - a scroll of poison
Potions
 b - 3 potions of curing
 e - 3 potions of invisibility
 i - 2 potions of mutation
 n - 2 potions of magic
 r - 3 potions of heal wounds {unknown}
 w - 3 potions of might
 A - 2 potions of resistance {unknown}
 B - a potion of haste {unknown}
 C - 2 potions of lignification {unknown}
 D - a potion of ambrosia {unknown}
 E - 2 potions of cancellation {unknown}
 H - 3 potions of attraction {unknown}


   Skills:
 + Level 8.6 Fighting
 + Level 8.1(8.2) Axes
 + Level 2.0(5.5) Polearms
 * Level 11.4 Armour
 * Level 13.1 Shields
 - Level 1.0 Spellcasting
 + Level 4.1 Invocations


You had 12 spell levels left.
You didn't know any spells.
Your spell library contained the following spells:

 Spells                   Type           Power      Damage    Failure   Level
 Apportation              Tloc           0%         N/A       50%         1
 Kiss of Death            Conj/Necr      0%         2d5       50%         1
 Magic Dart               Conj           0%         1d3       50%         1
 Necrotise                Necr           0%         1d4       50%         1
 Searing Ray              Conj           0%         2d4       63%         2
 Confusing Touch          Hex            0%         N/A       86%         3
 Dazzling Flash           Conj/Hex       0%         N/A       86%         3
 Dispel Undead            Necr           0%         3d6       99%         4
 Fulminant Prism          Conj/Hex       0%         3d5       99%         4
 Agony                    Necr           0%         N/A       100%        5
 Alistair's Intoxication  Tmut/Pois      0%         N/A       100%        5
 Silence                  Hex/Air        0%         N/A       100%        5
 Orb of Destruction       Conj           0%         9d5       100%        7
 Summon Small Mammal      Summ           Unusable   N/A       N/A         1
 Call Canine Familiar     Summ           Unusable   N/A       N/A         3
 Summon Guardian Golem    Hex/Summ       Unusable   N/A       N/A         3
 Spellforged Servitor     Conj/Summ      Unusable   N/A       N/A         7

Dungeon Overview and Level Annotations

Branches:
Dungeon (11/15)            Temple (1/1) D:7            Lair (0/5) D:9
  Sewer (visited)         Ossuary (visited)
    Orc: D:9-12

Altars:
Ashenzari
Cheibriados
Dithmenos
Elyvilon
Fedhas
Gozag
Hepliaklqana
Kikubaaqudgha
Makhleb
Nemelex Xobeh
Okawaru
Qazlal
Ru
Sif Muna
Trog
Uskayaw
Vehumet
Wu Jian
Xom
Yredelemnul
Zin
The Shining One

Shops:
D:3 *   D:6 :   D:8 (

Annotations:
D:10 exclusion: ice statue


Innate Abilities, Weirdness & Mutations

You cannot be hasted, slowed, berserked, paralysed or teleported.
You can dig through walls and to a lower floor.
You have a pair of large antennae on your head. (SInv)
Your four strong arms can wield two-handed weapons with a shield.


Message History

Found 19 gold pieces.
You feel like a meek peon again.
Found a scroll of identify.
A vampire mosquito comes into view.
The vampire mosquito buzzes angrily.
A vampire mosquito comes into view.
The vampire mosquito buzzes angrily.
Aiming: Iceblast
Press: ? - help, Shift-Dir - straight line, f - vampire mosquito
Aim: a vampire mosquito The mass of ice explodes!
The iceblast engulfs the vampire mosquito!
The vampire mosquito is heavily damaged.
The iceblast engulfs the vampire mosquito!
The vampire mosquito is moderately damaged.
Aiming: Iceblast
Press: ? - help, Shift-Dir - straight line, f/p - vampire mosquito
Aim: a vampire mosquito (heavily damaged)
The mass of ice explodes!
The iceblast engulfs the vampire mosquito!
The vampire mosquito is almost destroyed.
The iceblast engulfs the vampire mosquito!
The vampire mosquito is almost destroyed.
The now-empty wand crumbles to dust.
Aiming: Corrosive Bolt
Press: ? - help, Shift-Dir - straight line, f/p - vampire mosquito
Aim: a vampire mosquito (almost destroyed, 53% to hit)
The bolt of acid misses the vampire mosquito.
The bolt of acid hits the vampire mosquito!
You destroy the vampire mosquito!
Okawaru accepts your kill.
You block the vampire mosquito's attack.
The vampire mosquito closely misses you.
You miss the vampire mosquito.
The vampire mosquito is almost destroyed.
The vampire mosquito bites you.
* * * LOW HITPOINT WARNING * * *
The vampire mosquito draws strength from your injuries!
The vampire mosquito bites you!
You die...

,,,,* *,,,,,**,,,,,,,,,,,,**,,,,,
,,,,* #...,.##..........,,**,****
,,,,* #.....##....$.....,,,,,****
,,,,* #.....##..........,,,,,,,,,
,,.,* #.....##.......?.,,,,,,,,,,
,,..###..............#***,,,,,,,,
,,....$...........†..# ***,,,*+*
***#......#......y...#*******,*,*
,,,+......'.....@....+,,,>,,,,*,,
***#......#..........#*,,,,,,,***
#......#..........#*,,,,,,,*
#......#..........#*,,,,,,,*
#......#..........#*,,,,,,,*
***###################*,,,,,,,*
,,,,,,,,,,,,,* *,,,,,,,*
,,,,,,,,,,,,,* *,,,,,,,*
,,,,,,,,,,,,,* *,,,,,,,*


You could see a vampire mosquito.

Vanquished Creatures
  An ugly thing (D:10)
  A cyclops (D:11)
  2 manticores
  Maurice (D:8)
  Psyche (D:8)
  Maggie (D:6)
  A kobold demonologist (D:11)
  A komodo dragon (D:11)
  6 trolls
  3 wyverns
  A vampire mosquito (D:12)
  3 wargs (D:9)
  Menkaure (D:6)
  5 water moccasins
  2 acid dragons
  4 orc warriors
  3 sky beasts
  3 black bears
  An ice beast (D:7)
  6 ogres
  A centaur (D:9)
  2 phantoms
  4 kobold brigands
  6 bullfrogs
  4 scorpions
  9 killer bees (D:7)
  2 howler monkeys
  3 electric eels (D:11)
  A crimson imp (D:8)
  A hound (D:7)
  3 jellies
  7 orc priests
  2 human zombies (Ossuary)
  4 iguanas
  2 sleepcaps
  14 orc wizards
  4 mummies (Ossuary)
  7 gnolls
  5 river rats
  16 adders
  2 shadow imps
  4 white imps
  An ufetubus (D:5)
  3 worms
  14 dart slugs
  36 orcs
  6 bats
  5 endoplasms
  3 giant cockroaches
  5 goblins
  9 hobgoblins
  7 jackals
  23 kobolds
  9 ball pythons
  5 frilled lizards
  A gnoll zombie (Ossuary)
  2 hobgoblin zombies (Ossuary)
  A kobold zombie (Ossuary)
  2 orc zombies (Ossuary)
  10 rats
  A butterfly (D:8)
293 creatures vanquished.

Vanquished Creatures (collateral kills)
  A killer bee (D:7)
  A hobgoblin (D:3)
  A kobold (D:3)
3 creatures vanquished.

Grand Total: 296 creatures vanquished

Notes
Turn   | Place    | Note
-------+----------+-------------------------------------------
     0 | D:1      | chunkyMonkey the Formicid Fighter began the quest for the
                  | Orb.
     0 | D:1      | Reached XP level 1. HP: 18/18 MP: 1/1
    93 | D:1      | Reached XP level 2. HP: 21/24 MP: 2/2
   279 | D:1      | Reached XP level 3. HP: 26/29 MP: 3/3
  1103 | D:2      | Reached XP level 4. HP: 37/37 MP: 5/5
  1493 | D:3      | Found a faded altar of an unknown god.
  1592 | D:3      | Reached skill level 5 in Shields
  1607 | D:3      | Reached skill level 1 in Spellcasting
  1607 | D:3      | Reached XP level 5. HP: 29/42 MP: 6/6
  1614 | D:3      | Found a glowing drain.
  1618 | Sewer    | Entered a sewer
  1826 | Sewer    | Noticed a kobold brigand
  1902 | Sewer    | Killed a kobold brigand
  1903 | Sewer    | Reached XP level 6. HP: 45/48 MP: 7/7
  3166 | D:3      | Found Toyfiak's Assorted Antiques.
  3177 | D:3      | Bought a fluorescent wand for 116 gold pieces
  3177 | D:3      | Bought a scroll of identify for 58 gold pieces
  3610 | D:4      | Found a snail-covered altar of Cheibriados.
  3635 | D:4      | Reached XP level 7. HP: 38/55 MP: 8/8
  3758 | D:4      | Reached skill level 5 in Armour
  4294 | D:4      | Reached skill level 6 in Shields
  4865 | D:5      | Entered Level 5 of the Dungeon
  4891 | D:5      | Found a sand-covered staircase.
  4910 | Ossuary  | Entered an ossuary
  5056 | Ossuary  | Reached skill level 5 in Fighting
  5111 | Ossuary  | Reached XP level 8. HP: 62/62 MP: 9/9
  5206 | Ossuary  | Reached skill level 5 in Axes
  5684 | D:5      | HP: 2/62 [ogre/+0 giant spiked club (12)]
  5952 | D:5      | Reached skill level 7 in Shields
  6449 | D:6      | Noticed Maggie
  6459 | D:6      | Killed Maggie
  6460 | D:6      | Reached skill level 8 in Shields
  6460 | D:6      | Reached XP level 9. HP: 62/69 MP: 10/10
  6524 | D:6      | Found Nymp's Book Boutique.
  7503 | D:6      | Reached skill level 9 in Shields
  8358 | D:6      | Noticed Menkaure
  8369 | D:6      | Killed Menkaure
  9085 | D:6      | Reached XP level 10. HP: 72/77 MP: 11/11
  9268 | D:7      | Reached skill level 10 in Shields
  9870 | D:7      | Found a broken altar of Ashenzari.
 10472 | D:7      | Found a staircase to the Ecumenical Temple.
 11024 | D:7      | Reached skill level 11 in Shields
 11424 | Temple   | Entered the Ecumenical Temple
 11461 | Temple   | Became a worshipper of Warmaster Okawaru
 11697 | D:8      | Found a shimmering altar of Xom.
 11698 | D:8      | Found Loniytz's Antique Weapon Shop.
 11715 | D:8      | Bought a runed halberd for 182 gold pieces
 11837 | D:8      | Noticed Maurice
 11863 | D:8      | Killed Maurice
 11864 | D:8      | Reached skill level 10 in Armour
 11914 | D:8      | Found a blossoming altar of Fedhas.
 11989 | D:8      | Found a hide-covered altar of Uskayaw.
 12086 | D:8      | Noticed Psyche
 12100 | D:8      | Killed Psyche
 12100 | D:8      | Reached * piety under Okawaru
 12142 | D:8      | Reached skill level 1 in Invocations
 12707 | D:8      | Found a burning altar of Makhleb.
 12809 | D:9      | Reached XP level 11. HP: 79/86 MP: 12/12
 13211 | D:9      | Reached skill level 12 in Shields
 13242 | D:9      | Found a shimmering blue altar of Sif Muna.
 13276 | D:9      | Reached ** piety under Okawaru
 13530 | D:9      | Found a staircase to the Lair.
 13575 | D:9      | Found a sacrificial altar of Ru.
 13737 | D:9      | Found an ornate altar of the Wu Jian Council.
 13791 | D:9      | Found a stormy altar of Qazlal.
 14600 | D:10     | Entered Level 10 of the Dungeon
 14827 | D:10     | Noticed a manticore
 14842 | D:10     | Killed a manticore
 15218 | D:10     | Found a basalt altar of Yredelemnul.
 15724 | D:11     | Noticed a brown ugly thing
 15851 | D:10     | Killed a brown ugly thing
 15852 | D:10     | Reached skill level 1 in Polearms
 15962 | D:11     | Noticed a manticore
 15972 | D:11     | Killed a manticore
 16012 | D:11     | Noticed a cyclops
 16029 | D:11     | Killed a cyclops
 16029 | D:11     | Reached *** piety under Okawaru
 16174 | D:11     | Reached skill level 13 in Shields
 16234 | D:11     | Identified a scroll of acquirement
 16235 | D:11     | Acquired 336 gold pieces
 16878 | D:11     | Noticed an orc knight
 16891 | D:11     | You fall into a shaft and drop 1 floor!
 16907 | D:12     | Slain by a vampire mosquito

Illustrated notes

Levels and vault maps discovered:
D:1:      amcnicky_arrival_double_pillar, layout_loops_ring, minmay_domino_2
D:2:      layout_loops_ring
D:3:      layout_basic, gup_sewer_entry_bowl, serial_shops, shop_fountains,
          shapermc_ecumenical_altar_mp_vishouse, minmay_misc_feat_ornament
D:4:      kennysheep_slugbush, layout_basic, marbit_many_paths,
          skrybe_limestone_x, grunt_decor_arrowhead, saegor_snake_ambush
D:5:      minmay_skewed_foursquare, layout_cave_pools, enter_ossuary_2
D:6:      layout_layer_cave, serial_shops, nicolae_shop_advertising_works
          [nicolae_subvault_shop_adworks], roderic_malta_cross, uniq_maggie,
          uniq_menkaure
D:7:      minmay_razor_zed, layout_loops_cross, mainiacjoe_overflow_paths,
          minmay_temple_entry_hall, minmay_misc_feat_tiny, nrook_loot_triangle
D:8:      layout_gridville, makhleb_grotto_becter, xom_butterflies,
          mainiacjoe_overflow_alcove_4, old_standard_altar, serial_shops, shop,
          uniq_maurice, uniq_psyche
D:9:      layout_loops_ring, nzn_wu_jian_council_hall,
          nicolae_ru_great_annihilating_truth, mainiacjoe_overflow_boulevard,
          nicolae_qazlal_general_emergency, erik_lair_orcish_takeover,
          minmay_holes
D:10:     layout_small_grid, mainiacjoe_overflow_small_starburst, minivault_16
D:11:     layout_cave_pools, erik_orc_2
D:12:     layout_basic, nicolae_trove_entry_columns, gauntlet_entry_generic
Temple:   chequers_temple_sunken

Skill      XL: |  1  2  3  4  5  6  7  8  9 10 11 |
---------------+----------------------------------+-----
Fighting       | 4 5 6 7 8 |  8.6
Shields        | 5 6 8 9 11 13 | 13.1
Spellcasting   | 1 |  1.0
Axes           | 3 4 5 6 7 8 |  8.1
Armour         | 4 5 7 8 10 11 | 11.4
Invocations    | 1 4 |  4.1
Polearms       | 2 |  2.0

Action                     |  1- 3 |  4- 6 |  7- 9 | 10-12 || total
---------------------------+-------+-------+-------+-------++-------
  Melee: War axe           |    98 |   165 |       |       ||   263
         Hand axe          |       |    17 |   290 |   208 ||   515
         Halberd           |       |       |       |   162 ||   162
 Invoke: Heroism           |       |       |       |     7 ||     7
Ability: Dig               |       |     2 |     6 |     4 ||    12
         Shaft Self        |       |       |       |     1 ||     1
  Evoke: Wand              |       |     1 |    17 |    27 ||    45
    Use: Scroll            |       |     7 |     6 |    13 ||    26
         Potion            |       |     1 |     2 |     3 ||     6
   Stab: Paralysed         |       |       |       |     1 ||     1
 Armour: Chain mail        |    58 |    17 |       |       ||    75
         Plate armour      |       |    89 |   136 |       ||   225
         Swamp dragon scal |       |       |    27 |   170 ||   197
  Dodge: Dodged            |    34 |    72 |   111 |   187 ||   404
  Block: Buckler           |    26 |    45 |    98 |   186 ||   355

Table legend: (Time is in decaauts)
 A = Elapsed time spent in this place.
 B = Non-inter-level travel time spent in this place.
 C = Inter-level travel time spent in this place.
 D = Time resting spent in this place.
 E = Time spent auto-exploring this place.
 F = Levels seen in this place.
 G = Mean time per level.
                   A        B        C        D        E       F      G
               +--------+--------+--------+--------+--------+-----+--------+
         Total |  17513 |  17138 |    375 |   6384 |   7469 |  15 | 1167.5 |
       Dungeon |  15598 |  15253 |    345 |   5960 |   6588 |  12 | 1299.8 |
        Temple |    215 |    185 |     30 |      1 |    145 |   1 |  215.0 |
         Sewer |   1364 |   1364 |      0 |    423 |    559 |   1 | 1364.0 |
       Ossuary |    335 |    335 |      0 |      0 |    176 |   1 |  335.0 |
               +--------+--------+--------+--------+--------+-----+--------+

Top non-repeatable levels by time:
     D:6: 2849 daAuts
     D:7: 2295 daAuts
     D:9: 1820 daAuts
   Sewer: 1364 daAuts
     D:4: 1360 daAuts
     D:5: 1298 daAuts
    D:10: 1267 daAuts
     D:8: 1172 daAuts
    D:11: 1033 daAuts
     D:3: 1007 daAuts
     D:2: 758 daAuts
     D:1: 718 daAuts
 Ossuary: 335 daAuts
  Temple: 215 daAuts
    D:12: 15 daAuts
